 Dungeon Crawl Stone Soup version 0.26-a0-682-g294304f6e8 (webtiles) character file.

Game seed: 7350252821474802287

499521 grandjackal the Warrior (level 24, -5/206 HPs)
             Began as a Demonspawn Gladiator on Oct 21, 2020.
             Was an Initiate of Gozag.
             Killed from afar by an ancient lich (45 damage)
             ... with a crystal spear
             ... while petrified by an ancient lich
             ... on level 3 of the Crypt.
             The game lasted 01:48:17 (56033 turns).

grandjackal the Warrior (Demonspawn Gladiator)     Turns: 56033, Time: 01:48:17

Health: -5/206     AC: 24    Str: 20    XL:     24   Next: 2%
Magic:  32/32      EV:  2    Int: 16    God:    Gozag
Gold:   20340      SH:  0    Dex: 19    Spells: 23/23 levels left

rFire    + + +     SeeInvis +   K - +9 demon blade (drain)
rCold    + + .     Faith    .   I - +0 kite shield
rNeg     + + +     Spirit   .   P - +0 gold dragon scales
rPois    ∞         Reflect  .   Y - +2 helmet {SInv}
rElec    +         Harm     .   T - +2 cloak of Protective Custody {rElec rF+ Regen+ Str-4}
rCorr    .         Rampage  .   F - +1 pair of gloves {Dex+3}
MR       +....                  (boots unavailable)
Stlth    ..........             D - amulet of regeneration
HPRegen  1.24/turn              b - ring "Ischihont" {+Inv rF+ rN+ Int+5 SInv}
MPRegen  0.23/turn              J - ring "Naaraxikk" {rElec rN+ MP+9}

@: mighty, agile, petrified, marked, corroded, sanguine armour, berserk
cooldown, slowed
A: hooves 3, cold resistance 1, powered by pain 3, spiny 2, sanguine armour 3
}: 2/15 runes: barnacled, gossamer
a: Potion Petition, Call Merchant, Bribe Branch, Renounce Religion, Evoke
Invisibility


You were on level 3 of the Crypt.
You worshipped Gozag.
Gozag was extremely pleased with you.
You visited 9 branches of the dungeon, and saw 42 of its levels.
You visited the Abyss 1 time.
You also visited: Gauntlet.

You collected 22526 gold pieces.
You spent 2093 gold pieces at shops.
You paid 93 gold pieces to Gozag.

Inventory:

Hand Weapons
 K - a +9 demon blade of draining (weapon)
Missiles
 d - 2 throwing nets (quivered)
Armour
 F - a +1 pair of gloves of dexterity (worn)
 I - a +0 kite shield (worn)
 P - +0 gold dragon scales (worn)
 T - the +2 cloak of Protective Custody (worn) {rElec rF+ Regen+ Str-4}
   (You found it on level 1 of the Vaults)

   It affects your strength (-4).
   It protects you from fire.
   It insulates you from electricity.
   It increases your rate of regeneration.
 Y - a +2 helmet of see invisible (worn)
Jewellery
 b - the ring "Ischihont" (left hand) {+Inv rF+ rN+ Int+5 SInv}
   (You took it off a deep elf mage on level 3 of the Elven Halls)

   [ring of positive energy]

   It affects your intelligence (+5).
   It protects you from fire.
   It protects you from negative energy.
   It lets you see invisible.
   It lets you turn invisible.
 g - the ring "Montutru" {rF+ rN+}
   (You acquired it on level 1 of the Spider Nest)

   [ring of positive energy]

   It protects you from fire.
   It protects you from negative energy.
 C - the ring of Jepim {rPois rN+ rCorr Int-3 Dex+2}
   (You found it on level 1 of the Spider Nest)

   [ring of resist corrosion]

   It affects your intelligence (-3).
   It affects your dexterity (+2).
   It protects you from poison.
   It protects you from negative energy.
   It provides partial protection from all sources of acid and corrosion.
 D - an amulet of regeneration (around neck)
 H - an uncursed ring of protection from cold
 J - the ring "Naaraxikk" (right hand) {rElec rN+ MP+9}
   (You found it on level 3 of the Spider Nest)

   [ring of magical power]

   It insulates you from electricity.
   It protects you from negative energy.
   It affects your magic capacity (+9).
 S - the ring of Xas Valoh {Ice +Inv rElec Int-2 Dex+5}
   (You found it in a Gauntlet)

   [ring of ice]

   It enhances your ice magic.
   It affects your intelligence (-2).
   It affects your dexterity (+5).
   It makes you vulnerable to fire.
   It protects you from cold.
   It insulates you from electricity.
   It lets you turn invisible.
Wands
 e - a wand of iceblast (12)
 u - a wand of digging (21)
 N - a wand of acid (11)
 R - a wand of paralysis (8)
 U - a wand of disintegration (57)
 V - a wand of enslavement (39)
Scrolls
 a - 6 scrolls of identify
 c - 2 scrolls of summoning
 i - 6 scrolls of immolation
 k - 25 scrolls of teleportation
 p - 5 scrolls of fog
 q - 10 scrolls of fear
 r - 21 scrolls of remove curse
 t - 5 scrolls of blinking
 W - 5 scrolls of magic mapping
 X - 6 scrolls of vulnerability
Potions
 f - 11 potions of curing
 j - 12 potions of stabbing
 l - 5 potions of heal wounds
 n - 5 potions of flight
 o - a potion of cancellation
 s - 4 potions of mutation
 v - 2 potions of magic
 w - 7 potions of ambrosia
 A - 3 potions of might
 E - 6 potions of haste
 G - 9 potions of lignification
 L - 3 potions of berserk rage
 O - 2 potions of invisibility
 Z - a potion of resistance
Miscellaneous
 h - a box of beasts (3/3)
 m - a lightning rod (3/4)
 y - a phial of floods
 z - a tin of tremorstones (2/3)
 M - a phantom mirror
 Q - a condenser vane (2/2)


   Skills:
 + Level 20.7 Fighting
 - Level 14.0 Long Blades
 - Level 1.7 Throwing
 + Level 12.9 Armour
 + Level 16.1 Dodging
 - Level 15.1 Shields
 + Level 20.3 Evocations


You had 23 spell levels left.
You didn't know any spells.
Your spell library contained the following spells:

 Spells                   Type           Power        Failure   Level
 Corona                   Hex            #......      100%        1
 Freeze                   Ice            #...         100%        1
 Magic Dart               Conj           #...         100%        1
 Shock                    Conj/Air       #...         100%        1
 Blink                    Tloc           N/A          100%        2
 Call Imp                 Summ           #.......     100%        2
 Corpse Rot               Necr/Air       N/A          100%        2
 Ensorcelled Hibernation  Hex/Ice        #.....       100%        2
 Searing Ray              Conj           #.....       100%        2
 Slow                     Hex            #.......     100%        2
 Sublimation of Blood     Necr           #.........   100%        2
 Confusing Touch          Hex            #.......     100%        3
 Conjure Flame            Conj/Fire      #.......     100%        3
 Dazzling Flash           Conj/Hex       #.....       100%        3
 Frozen Ramparts          Ice            #.....       100%        3
 Gell's Gravitas          Tloc           #.........   100%        3
 Ignite Poison            Fire/Tmut/Pois #.......     100%        3
 Mephitic Cloud           Conj/Pois/Air  #.......     100%        3
 Ozocubu's Armour         Ice            #.......     100%        3
 Static Discharge         Conj/Air       #.......     100%        3
 Tukima's Dance           Hex            #.......     100%        3
 Animate Dead             Necr           #.........   100%        4
 Cause Fear               Hex            #.........   100%        4
 Dispel Undead            Necr           #.......     100%        4
 Hailstorm                Conj/Ice       #.......     100%        4
 Petrify                  Tmut/Erth      #.......     100%        4
 Summon Ice Beast         Ice/Summ       #.......     100%        4
 Agony                    Necr           #.......     100%        5
 Borgnjor's Vile Clutch   Necr/Erth      #.........   100%        5
 Excruciating Wounds      Necr           #.........   100%        5
 Fireball                 Conj/Fire      #.........   100%        5
 Irradiate                Conj/Tmut      #.........   100%        5
 Lightning Bolt           Conj/Air       #.........   100%        5
 Metabolic Englaciation   Hex/Ice        #.........   100%        5
 Silence                  Hex/Air        #.........   100%        5
 Yara's Violent Unravell  Hex/Tmut       #.........   100%        5
 Death Channel            Necr           #.........   100%        6
 Hydra Form               Tmut           #.........   100%        6
 Invisibility             Hex            #.......     100%        6
 Simulacrum               Ice/Necr       #.........   100%        6
 Starburst                Conj/Fire      #.........   100%        6
 Statue Form              Tmut/Erth      #........    100%        6
 Dragon Form              Tmut           #.........   100%        7
 Discord                  Hex            #.........   100%        8
 Ignition                 Fire           #.........   100%        8
 Shatter                  Erth           #.........   100%        9
 Tornado                  Air            #.........   100%        9


Dungeon Overview and Level Annotations

Branches:
Dungeon (15/15)            Temple (1/1) D:5            Lair (6/6) D:11
 Shoals (4/4) Lair:4       Spider (4/4) Lair:2        Slime (0/5) Lair:5
    Orc (2/2) D:9             Elf (3/3) Orc:2        Vaults (4/5) D:14
  Crypt (3/3) Vaults:3       Tomb (0/3) Crypt:3      Depths (0/5) D:15
Gauntlet (visited)

Altars:
Ashenzari
Cheibriados
Dithmenos
Elyvilon
Fedhas
Gozag
Hepliaklqana
Kikubaaqudgha
Makhleb
Nemelex Xobeh
Okawaru
Qazlal
Ru
Uskayaw
Vehumet
Wu Jian
Yredelemnul
Zin
The Shining One
Beogh

Shops:
D:8 *   D:15 }:}   Orc:2 (:[**   Elf:2 *   Shoals:3 !   Vaults:2 [   Vaults:4 *

Annotations:
D:15 Roxanne


Innate Abilities, Weirdness & Mutations

You have hooves in place of feet.
Your flesh is cold resistant. (rC+)
You are powered by pain.
You are mostly covered in sharp spines.
When seriously injured, your bleeding wounds create very thick armour. (AC +12)


Message History

The ancient lich touches you!
The ancient lich is struck by your spines.
The ancient lich touches you but does no damage.
The ancient lich gestures at you while chanting.
The bolt of acid hits you!!!
* * * LOW HITPOINT WARNING * * *
You focus on the pain.
You feel mightier all of a sudden. The acid corrodes you!
You are splashed with acid!
* * * LOW HITPOINT WARNING * * *
The ancient lich touches you but does no damage.
The ancient lich is struck by your spines.
The ancient lich touches you but does no damage.
The ancient lich is struck by your spines.
The ancient lich touches you!
* * * LOW HITPOINT WARNING * * *
The ancient lich gestures at you while chanting.
The crystal spear hits you!!!!
You die...
Your body crumbles into a pile of gold.

.##.#
#..#################..#
.##.# ##..#≈≈≈≈≈≈≈§≈≈≈≈§
#..# .##.#
#...#≈≈§≈≈≈≈§≈≈≈≈≈ #..#
.##.#
#...#≈≈≈≈§?)):).≈≈§≈#..##
.##.# #...#≈≈..§)))::$..≈
#...## .##.#
#...#≈....)=))(.... #.....
.##.# #...###...........#
#..### .##.#
#...#.#.$8.###.8..# #..#
.##.# #...#...L@.^^^^...#
#..## .##.#
##..#######'''#######...#
.##.#
#...##...........##....##
.##.#
#...##......=....##....##
.##.#
###....###.......###.....##
.##.#
#...##...##'''''##...###.##
.##.###.^.###.[.).........##
#.##
..............).........###
#...
.##.#########...#########
#...


You could see an ancient lich (fast).

Vanquished Creatures
  An ancient lich (Crypt:3)
  2 curse toes (Crypt:3)
  Arachne (Spider:3)
  2 hellephants (Vaults:4)
  2 liches (Vaults:4)
  2 deep elf blademasters (Elf:3)
  Asterion (Spider:2)
  A deep elf master archer (Elf:3)
  Polyphemus (Shoals:2)
  A tentacled starspawn (Abyss:5)
  2 sphinxes
  Agnes (Elf:3)
  Kirke (Spider:3)
  4 ancient champions
  A shadow dragon (Vaults:2)
  2 tengu reavers
  2 revenants (Crypt:3)
  2 fire giants (Vaults:2)
  The ghost of Cumifues the Severer, a journeyman MiMo of Qazlal (Spider:1)
  15 vault wardens
  7 deep elf sorcerers (Elf:3)
  8 emperor scorpions
  The ghost of Bolleh the Thaumaturge, a journeyman GnSk of Makhleb (Spider:3)
  3 ghost moths
  3 frost giants
  2 orc warlords
  5 deep elf elementalists (Elf:3)
  Aizul (Elf:1)
  2 curse skulls
  A ghoul (Vaults:2)
  A reaper (Crypt:3)
  4 stone giants
  A very ugly thing (Vaults:2)
  3 entropy weavers
  3 vampire knights
  15 ironheart preservers
  8 deep elf demonologists
  A lorocyproca (Abyss:5)
  A minotaur (Gauntlet)
  A spark wasp (Spider:3)
  8 deep elf annihilators
  4 eidola
  A dire elephant (Lair:4)
  Snorg (D:13)
  4 deep elf death magi (Elf:3)
  A fire dragon (Vaults:1)
  5 merfolk javelineers
  An ettin (Vaults:2)
  5 yaktaur captains
  15 jiangshi
  6 merfolk impalers
  3 great orbs of eyes (Vaults:2)
  Fannar (Orc:1)
  8 hydras
  18 vault guards
  3 deep elf high priests (Elf:3)
  A hell beast (Gauntlet)
  Harold (D:7)
  A rakshasa (Vaults:2)
  2 ice dragons (Vaults:2)
  3 death knights
  2 catoblepae
  8 centaur warriors
  9 boulder beetles
  An anaconda (shapeshifter) (Vaults:2)
  A queen ant (Lair:2)
  4 merfolk aquamancers
  39 two-headed ogres
  2 merfolk avatars (Shoals:2)
  13 ogre magi
  5 satyrs
  2 alligator snapping turtles (Shoals:4)
  A deep troll earth mage (Vaults:3)
  A two-headed ogre (shapeshifter) (D:14)
  Urug (Lair:3)
  19 death yaks
  A deep troll shaman (Lair:6)
  An orc high priest (Orc:2)
  A titan zombie (Crypt:1)
  12 vampire magi
  2 soul eaters (Crypt:2)
  14 hell knights
  26 deep elf knights
  2 sun demons (Abyss:5)
  24 skeletal warriors
  3 shadow wraiths
  A sixfirhy (Abyss:5)
  A titan skeleton (Vaults:4)
  A fire crab (shapeshifter) (Vaults:4)
  5 flayed ghosts
  16 deep elf archers
  A sea snake (shapeshifter) (Elf:3)
  11 sea snakes
  8 deep trolls
  6 glowing orange brains
  7 unseen horrors
  An orange crystal statue (Spider:3)
  A storm dragon skeleton (Crypt:1)
  Pikel (D:5)
  A harpy (shapeshifter) (Vaults:4)
  31 harpies
  8 ironbrand convokers
  A shadow dragon zombie (Crypt:1)
  70 deep elf magi
  An iron giant skeleton (Crypt:3)
  15 orc knights
  9 phantasmal warriors
  2 wizards
  5 necromancers
  19 orb spiders
  2 stone giant zombies (Crypt:1)
  4 orc sorcerers
  29 wolf spiders
  25 fauns
  A tengu skeleton (D:15)
  9 cyclopes
  8 manticores
  An iron dragon zombie (Crypt:1)
  2 frost giant skeletons
  An oklob plant (D:11)
  13 ugly things
  44 elephants
  5 moths of wrath
  A guardian serpent (Vaults:1)
  11 merfolk sirens
  4 smoke demons (Abyss:5)
  A centaur zombie (D:14)
  A black mamba (Lair:2)
  13 vault sentinels
  10 cane toads
  A black mamba (shapeshifter) (D:14)
  A shock serpent zombie (Crypt:1)
  6 water nymphs
  Psyche (D:7)
  A gargoyle (D:13)
  4 torpor snails
  A molten gargoyle (Lair:2)
  A dire elephant skeleton (Crypt:1)
  2 rime drakes
  Maggie (D:7)
  A shock serpent skeleton (Crypt:2)
  17 demonic crawlers
  A white draconian zombie (Crypt:1)
  A catoblepas zombie (Crypt:3)
  12 freezing wraiths
  20 komodo dragons
  6 kobold demonologists (D:15)
  31 yaktaurs
  An ancient zyme (Abyss:5)
  8 human skeletons
  18 merfolk
  2 guardian mummies (Crypt:1)
  6 trolls
  A polar bear (shapeshifter) (Vaults:3)
  A harpy zombie (Crypt:1)
  11 wind drakes
  Grinder (D:5)
  46 jumping spiders
  5 polar bears
  15 slime creatures
  2 wind drakes (shapeshifter)
  9 hornets
  2 meliai (shapeshifter)
  A queen bee (shapeshifter) (Vaults:2)
  A tengu simulacrum (Vaults:4)
  A slime creature (shapeshifter) (Vaults:2)
  3 raiju (Abyss:5)
  A meliai zombie (D:11)
  An ice dragon zombie (Crypt:1)
  10 snapping turtles
  A harpy skeleton (Crypt:3)
  23 blink frogs
  7 dream sheep
  A guardian serpent skeleton (Crypt:2)
  A deep troll zombie (D:15)
  18 flying skulls
  4 air elementals
  12 wraiths
  87 redbacks
  A spriggan skeleton (D:15)
  A ynoxinul (Abyss:5)
  9 water elementals
  31 yaks
  A vampire (D:14)
  A spriggan (shapeshifter) (Gauntlet)
  A human (shapeshifter) (D:14)
  A tarantella (shapeshifter) (Gauntlet)
  3 wyverns
  7 fire elementals
  A spriggan (Lair:4)
  5 hogs (Spider:3)
  35 tarantellas
  4 large abominations (Abyss:5)
  2 steam dragons (D:8)
  7 vampire mosquitoes
  Grum (D:7)
  4 basilisks
  A neqoxec (Abyss:5)
  A human simulacrum (Vaults:1)
  23 soldier ants
  8 wargs
  3 acid dragons
  2 insubstantial wisps (D:8)
  12 water moccasins
  4 human zombies
  2 hell hounds (Gauntlet)
  A torturous demonspawn skeleton (Crypt:1)
  A floating eye (Vaults:2)
  5 ice beasts
  10 sky beasts
  47 orc warriors
  2 snapping turtle zombies
  3 black bears
  2 black bears (shapeshifter)
  7 eyes of draining
  45 ogres
  4 phantoms
  2 necrophages
  11 boggarts
  11 wolves
  18 centaurs
  4 big kobolds
  17 bullfrogs
  A yaktaur skeleton (Vaults:1)
  2 earth elementals (Elf:3)
  A salamander skeleton (Crypt:3)
  A komodo dragon skeleton (Crypt:3)
  4 scorpions
  5 small abominations (Abyss:5)
  A queen bee zombie (Crypt:1)
  6 killer bees (D:6)
  7 wights
  A yak skeleton (Crypt:2)
  A howler monkey (D:8)
  2 electric eels
  10 jellies
  2 bullfrog zombies
  7 hounds
  2 quasits
  22 orc priests
  A black bear zombie (Crypt:1)
  3 bullfrog skeletons
  4 centaur skeletons
  28 orc wizards
  A basilisk skeleton (Crypt:2)
  5 iguanas
  26 worker ants
  A big kobold zombie (Crypt:2)
  A demigod zombie (Crypt:2)
  A hound skeleton (D:11)
  2 mummies (Crypt:1)
  2 howler monkey zombies
  A worker ant zombie (D:8)
  6 gnolls
  17 adders
  A shadow imp (D:9)
  2 white imps
  3 ufetubi
  4 oozes
  A lava snake zombie (Crypt:3)
  3 adder skeletons
  2 dart slugs
  4 leopard geckos
  109 orcs
  A ball python (D:6)
  2 bats (D:2)
  2 giant cockroaches
  8 hobgoblins
  4 jackals (D:2)
  7 quokkas
  4 frilled lizards
  7 goblins
  A hobgoblin zombie (Crypt:1)
  18 kobolds
  A quokka skeleton (D:8)
  4 rats
  A rat skeleton (Crypt:2)
1941 creatures vanquished.

Vanquished Creatures (collateral kills)
  An ironheart preserver (Vaults:4)
  2 merfolk javelineers (Shoals:4)
  2 merfolk avatars (Shoals:4)
  2 harpies (Shoals:3)
  A deep elf mage (Vaults:4)
  2 merfolk (Shoals:3)
  A wind drake (Shoals:4)
  A centaur (Shoals:4)
12 creatures vanquished.

Vanquished Creatures (others)
  A hydra (Lair:5)
  20 dancing weapons
  3 deep elf knights
  A wolf spider (Spider:3)
  A deep elf mage (Elf:2)
  A cyclops (Vaults:2)
  A merfolk (Shoals:4)
  A sky beast (D:8)
  A boggart (Vaults:2)
  A bush (Lair:6)
  64 fungi
  A lurking horror (Abyss:5)
  223 plants
  3 starspawn tentacles (Abyss:5)
  2 withered plants (D:15)
324 creatures vanquished.

Grand Total: 2277 creatures vanquished

Notes
Turn   | Place    | Note
-------+----------+-------------------------------------------
     0 | D:1      | grandjackal the Demonspawn Gladiator began the quest for
                  | the Orb.
     0 | D:1      | Reached XP level 1. HP: 16/16 MP: 1/1
   619 | D:1      | Gained mutation: When seriously injured, your bleeding
                  | wounds create armour. (AC +12) [demonic ancestry]
   619 | D:1      | Reached XP level 2. HP: 22/22 MP: 2/2
   852 | D:2      | Found a sacrificial altar of Ru.
  1177 | D:2      | Reached XP level 3. HP: 26/28 MP: 3/3
  1881 | D:3      | Gained mutation: When seriously injured, your bleeding
                  | wounds create thick armour. (AC +12) [demonic ancestry]
  1881 | D:3      | Reached XP level 4. HP: 31/34 MP: 4/4
  2222 | D:3      | Found a hazy altar of Hepliaklqana.
  2420 | D:3      | Reached XP level 5. HP: 27/41 MP: 5/5
  2423 | D:3      | Found a white marble altar of Elyvilon.
  2423 | D:3      | Found a glowing golden altar of the Shining One.
  3911 | D:5      | Entered Level 5 of the Dungeon
  4048 | D:5      | Gained mutation: You sometimes gain a little power by
                  | taking damage. [demonic ancestry]
  4048 | D:5      | Reached XP level 6. HP: 45/48 MP: 6/6
  4106 | D:5      | Noticed Grinder
  4130 | D:5      | Paralysed by Grinder for 7 turns
  4140 | D:5      | Paralysed by Grinder for 5 turns
  4150 | D:5      | Killed Grinder
  4150 | D:5      | Reached XP level 7. HP: 3/55 MP: 7/7
  4771 | D:5      | Reached skill level 5 in Long Blades
  4879 | D:5      | Found a blossoming altar of Fedhas.
  4916 | D:5      | Noticed Pikel
  4940 | D:5      | Killed Pikel
  4940 | D:5      | Reached skill level 5 in Fighting
  4940 | D:5      | Reached skill level 5 in Dodging
  4940 | D:5      | Reached XP level 8. HP: 45/64 MP: 8/8
  5293 | D:5      | Found a staircase to the Ecumenical Temple.
  5301 | Temple   | Entered the Ecumenical Temple
  5362 | Temple   | Became a worshipper of Gozag Ym Sagoz the Greedy
  5635 | D:6      | Reached skill level 1 in Evocations
  6761 | D:6      | Gained mutation: When seriously injured, your bleeding
                  | wounds create very thick armour. (AC +12) [demonic
                  | ancestry]
  6761 | D:6      | Reached XP level 9. HP: 39/71 MP: 9/9
  7516 | D:7      | Noticed Harold
  7539 | D:7      | Killed Harold
  7798 | D:7      | Noticed a two-headed ogre
  7811 | D:7      | Killed a two-headed ogre
  7811 | D:7      | Reached skill level 5 in Evocations
  8035 | D:7      | Gained mutation: You are partially covered in sharp spines.
                  | [demonic ancestry]
  8035 | D:7      | Reached XP level 10. HP: 80/80 MP: 10/10
  8818 | D:8      | Noticed Psyche
  8818 | D:8      | Noticed Maggie
  8833 | D:7      | Killed Psyche
  8970 | D:7      | Killed Maggie
  9247 | D:8      | Noticed Grum
  9582 | D:7      | Killed Grum
 10321 | D:8      | Found Zin's Purification Station.
 10324 | D:8      | Found a glowing silver altar of Zin.
 10863 | D:9      | Found a staircase to the Orcish Mines.
 11039 | D:10     | Entered Level 10 of the Dungeon
 11135 | D:10     | Gained mutation: You have large cloven feet. [demonic
                  | ancestry]
 11135 | D:10     | Reached XP level 11. HP: 68/89 MP: 11/11
 11136 | D:10     | Killed an unseen horror
 11891 | D:11     | Found a staircase to the Lair.
 11891 | D:11     | Noticed an oklob plant
 11894 | D:11     | Killed an oklob plant
 12273 | D:11     | Noticed a two-headed ogre
 12282 | D:11     | Killed a two-headed ogre
 12603 | D:11     | Reached skill level 10 in Fighting
 12677 | D:11     | Killed an unseen horror
 12850 | D:11     | Killed an unseen horror
 12949 | D:12     | Found a stormy altar of Qazlal.
 13201 | D:12     | Noticed a skeletal warrior
 13214 | D:12     | Noticed a skeletal warrior
 13310 | D:11     | Killed a skeletal warrior
 13398 | D:12     | Killed a skeletal warrior
 13398 | D:12     | Gained mutation: You have hoof-like feet. [demonic
                  | ancestry]
 13398 | D:12     | Reached XP level 12. HP: 87/98 MP: 12/12
 13399 | D:12     | Reached skill level 10 in Long Blades
 13399 | D:12     | Reached skill level 10 in Dodging
 13399 | D:12     | Reached XP level 13. HP: 95/106 MP: 13/13
 13578 | D:12     | HP: 5/106 [skeletal warrior/+1 trident of pain[a skeletal
                  | warrior] (3)]
 13580 | D:12     | Reached skill level 1 in Armour
 14238 | D:12     | Reached skill level 10 in Evocations
 14725 | Orc:1    | Entered Level 1 of the Orcish Mines
 14736 | Orc:1    | Noticed Fannar
 14917 | Orc:1    | Killed Fannar
 15079 | Orc:2    | Entered Level 2 of the Orcish Mines
 16441 | Orc:2    | Found a staircase to the Elven Halls.
 16600 | Orc:2    | Found Xunoomog's General Store.
 17385 | Orc:2    | Noticed an orc warlord
 17441 | Orc:1    | Killed an orc warlord
 17607 | Orc:2    | Found a roughly hewn altar of Beogh.
 17614 | Orc:2    | Reached skill level 5 in Armour
 17615 | Orc:2    | Found Tecaph's General Store.
 17664 | Orc:2    | Bought a scroll of acquirement for 832 gold pieces
 17791 | Orc:2    | Found Qanolank's Antique Armour Boutique.
 17797 | Orc:2    | Bought a fading cloak for 247 gold pieces
 17797 | Orc:2    | Bought a polished buckler for 247 gold pieces
 17805 | Orc:2    | Found Ruoptuq's Book Boutique.
 17851 | Orc:2    | Found Monob's Antique Weapon Boutique.
 17888 | Orc:2    | Identified the cursed -4 cloak of the Sparrow {Int+6} (You
                  | bought it in a shop on level 2 of the Orcish Mines)
 17918 | Orc:2    | Identified the +2 buckler of the Final Spirits {Regen+
                  | Dex+2} (You bought it in a shop on level 2 of the Orcish
                  | Mines)
 18089 | Lair:1   | Entered Level 1 of the Lair of Beasts
 18105 | Lair:1   | Gained mutation: Your flesh is cold resistant. (rC+)
                  | [demonic ancestry]
 18105 | Lair:1   | Reached XP level 14. HP: 116/116 MP: 14/14
 18206 | Lair:1   | Reached skill level 1 in Shields
 18221 | Lair:1   | Acquired the ring "Ymi Kowo" {rF+ AC+4}
 19208 | Lair:2   | Found a hole to the Spider Nest.
 20467 | Lair:3   | Noticed Urug
 20479 | Lair:3   | Killed Urug
 21008 | Lair:4   | Found a gate leading to a gauntlet.
 21028 | Gauntlet | Entered a Gauntlet
 21028 | Gauntlet | Found a transporter.
 21031 | Gauntlet | Found a transporter.
 21034 | Gauntlet | Found a transporter.
 21037 | Gauntlet | Found a transporter.
 21038 | Gauntlet | Found a transporter.
 21040 | Gauntlet | Found a transporter.
 21046 | Gauntlet | Found a transporter.
 21055 | Gauntlet | Found a transporter.
 21117 | Gauntlet | Found a transporter.
 21133 | Gauntlet | Found a transporter.
 21137 | Gauntlet | Found a transporter.
 21143 | Gauntlet | Found a transporter.
 21240 | Gauntlet | Got a bound pewter ring
 21284 | Gauntlet | Got a shimmering cloak
 21387 | Gauntlet | Identified the +0 cloak of Fedhas's Benevolence {Harm MR++
                  | Int+4 Stlth-} (You found it in a Gauntlet)
 21398 | Gauntlet | Identified the ring of Xas Valoh {Ice +Inv rElec Int-2
                  | Dex+5} (You found it in a Gauntlet)
 21751 | Lair:4   | Reached skill level 5 in Shields
 21878 | Lair:4   | Gained mutation: You sometimes gain power by taking damage.
                  | [demonic ancestry]
 21878 | Lair:4   | Reached XP level 15. HP: 124/124 MP: 15/15
 22356 | Lair:4   | Found a staircase to the Shoals.
 23127 | Lair:5   | Found a staircase to the Slime Pits.
 23423 | Lair:6   | Entered Level 6 of the Lair of Beasts
 25103 | D:13     | You fall into a shaft and drop 2 floors!
 25103 | D:15     | Entered Level 15 of the Dungeon
 25138 | D:15     | Found a staircase to the Depths.
 25458 | D:15     | Gained mutation: You have hooves in place of feet. [demonic
                  | ancestry]
 25458 | D:15     | Reached XP level 16. HP: 134/134 MP: 16/16
 25459 | D:15     | Reached XP level 17. HP: 140/140 MP: 17/17
 25704 | D:14     | Found a gate to the Vaults.
 26158 | D:13     | Noticed Snorg
 26172 | D:13     | Killed Snorg
 27597 | D:15     | Identified Roxanne's Grimoire of Moulding
 27597 | D:15     | Noticed Roxanne
 27746 | D:15     | Found Jeafaz's Gadget Boutique.
 27775 | D:15     | Found Pootoner's Book Boutique.
 27853 | D:15     | Bought a wand of iceblast (8) for 180 gold pieces
 27853 | D:15     | Bought a wand of iceblast (10) for 210 gold pieces
 27920 | D:15     | Found Vogej's Gadget Emporium.
 28359 | Spider:1 | Entered Level 1 of the Spider Nest
 28364 | Spider:1 | HP: 1/140 [something (13)]
 28698 | Lair:2   | Reached skill level 15 in Fighting
 29217 | Spider:1 | Found a transporter.
 29218 | Spider:1 | Found a transporter.
 29218 | Spider:1 | Noticed Cumifues's ghost (journeyman MiMo)
 29460 | Spider:1 | Got a transparent ivory ring
 29461 | Spider:1 | Identified the ring of Jepim {rPois rN+ rCorr Int-3 Dex+2}
                  | (You found it on level 1 of the Spider Nest)
 29916 | Spider:1 | Killed Cumifues's ghost
 30006 | Spider:1 | Acquired the ring "Montutru" {rF+ rN+}
 30290 | Spider:2 | Reached skill level 10 in Shields
 31126 | Spider:2 | Noticed Asterion
 31131 | Spider:2 | Killed Asterion
 31131 | Spider:2 | Reached XP level 18. HP: 150/150 MP: 18/18
 31349 | Spider:3 | Found a transporter.
 31357 | Spider:3 | Noticed Bolleh's ghost (journeyman GnSk)
 31376 | Spider:3 | Found a transporter.
 31377 | Spider:3 | Got a heavily runed pewter ring
 31461 | Spider:3 | Found a transporter.
 31490 | Spider:3 | Noticed Kirke
 31508 | Spider:3 | Killed Bolleh's ghost
 31508 | Spider:3 | Reached skill level 15 in Evocations
 31545 | Spider:3 | Identified the ring "Naaraxikk" {rElec rN+ MP+9} (You found
                  | it on level 3 of the Spider Nest)
 31589 | Spider:3 | Killed Kirke
 31956 | Spider:3 | Found a transporter.
 31958 | Spider:3 | Noticed Arachne
 32098 | Spider:3 | Killed Arachne
 32148 | Spider:3 | Identified the +2 helmet "Jehes" {Dex+4} (You found it on
                  | level 3 of the Spider Nest)
 32172 | Spider:3 | Got a crude wooden ring
 32173 | Spider:3 | Identified the cursed ring "Wenaath" {rF- MR+ Str+4 Int-4
                  | Stlth+} (You found it on level 3 of the Spider Nest)
 32201 | Spider:4 | Entered Level 4 of the Spider Nest
 33846 | Spider:4 | Got a gossamer rune of Zot
 34166 | Vaults:1 | Entered Level 1 of the Vaults
 34954 | Vaults:1 | Reached XP level 19. HP: 130/159 MP: 19/19
 35313 | Vaults:1 | Reached skill level 10 in Armour
 35688 | Vaults:1 | Identified the +2 cloak of Protective Custody {rElec rF+
                  | Regen+ Str-4} (You found it on level 1 of the Vaults)
 36663 | Vaults:2 | Identified the cursed +0 shadow dragon scales "Omahesm"
                  | {Int+4 Stlth++++}
 36995 | Vaults:2 | Gained mutation: You are mostly covered in sharp spines.
                  | [demonic ancestry]
 36995 | Vaults:2 | Reached XP level 20. HP: 128/168 MP: 20/20
 38112 | Vaults:2 | Identified the Disquisition on Weightlessness and Hexes
 38367 | Vaults:2 | Found Dibum's Antique Armour Shoppe.
 38586 | Vaults:3 | Found a staircase to the Crypt.
 38586 | Vaults:3 | Found an ancient bone altar of Kikubaaqudgha.
 38587 | Vaults:3 | Found a basalt altar of Yredelemnul.
 40712 | Vaults:4 | Reached XP level 21. HP: 55/178 MP: 21/21
 41058 | Vaults:4 | Found a huge runed gate.
 41058 | Vaults:4 | Found a huge runed gate.
 41058 | Vaults:4 | Found a huge runed gate.
 41059 | Vaults:4 | Found a huge runed gate.
 41059 | Vaults:4 | Found a huge runed gate.
 41059 | Vaults:4 | Found a huge runed gate.
 41059 | Vaults:4 | Found a huge runed gate.
 41059 | Vaults:4 | Found a huge runed gate.
 41060 | Vaults:4 | Found a huge runed gate.
 41060 | Vaults:4 | Found a huge runed gate.
 41060 | Vaults:4 | Found a huge runed gate.
 41061 | Vaults:4 | Found a huge runed gate.
 41062 | Vaults:4 | Found a huge runed gate.
 41063 | Vaults:4 | Found a huge runed gate.
 41064 | Vaults:4 | Found a huge runed gate.
 41065 | Vaults:4 | Found a huge runed gate.
 41073 | Vaults:4 | Found a huge runed gate.
 41073 | Vaults:4 | Found a huge runed gate.
 41073 | Vaults:4 | Found a huge runed gate.
 41073 | Vaults:4 | Found a huge runed gate.
 41073 | Vaults:4 | Found a huge runed gate.
 41073 | Vaults:4 | Found a huge runed gate.
 41073 | Vaults:4 | Found a huge runed gate.
 41074 | Vaults:4 | Found a huge runed gate.
 41075 | Vaults:4 | Found a huge runed gate.
 41083 | Vaults:4 | Found a huge runed gate.
 41083 | Vaults:4 | Found a huge runed gate.
 41083 | Vaults:4 | Found a huge runed gate.
 41083 | Vaults:4 | Found a huge runed gate.
 41083 | Vaults:4 | Found a huge runed gate.
 41083 | Vaults:4 | Found a huge runed gate.
 41083 | Vaults:4 | Found a huge runed gate.
 41084 | Vaults:4 | Found a huge runed gate.
 41085 | Vaults:4 | Found a huge runed gate.
 41093 | Vaults:4 | Found a huge runed gate.
 41093 | Vaults:4 | Found a huge runed gate.
 41447 | Vaults:4 | Found Muvuzxai's Assorted Antiques.
 41486 | Vaults:4 | Bought a scroll labeled MIANEU SIXZIMOE for 36 gold pieces
 41581 | Vaults:4 | Cast into level 4 of the Abyss (vault warden)
 41620 | Abyss:5  | Entered Level 5 of the Abyss
 41891 | Abyss:5  | Found a corrupted altar of Lugonu.
 41911 | Vaults:4 | Escaped the Abyss
 41932 | Vaults:4 | HP: 6/178 [vault warden/+2 halberd of distortion (4)]
 43064 | Shoals:1 | Entered Level 1 of the Shoals
 44866 | Shoals:3 | Noticed Polyphemus
 45012 | Shoals:2 | Killed Polyphemus
 45215 | Shoals:3 | Found Koitsy's Distillery.
 45231 | Shoals:3 | Reached skill level 15 in Shields
 45249 | Shoals:3 | Gained mutation: You are powered by pain. [demonic
                  | ancestry]
 45249 | Shoals:3 | Reached XP level 22. HP: 52/187 MP: 22/22
 45370 | Shoals:3 | Bought a potion of heal wounds for 90 gold pieces
 45370 | Shoals:3 | Bought a potion of curing for 54 gold pieces
 45370 | Shoals:3 | Bought a potion of curing for 54 gold pieces
 46033 | Shoals:4 | Entered Level 4 of the Shoals
 46530 | Shoals:4 | Got a barnacled rune of Zot
 46831 | Shoals:4 | Identified the amulet "Weilyaw" {RegenMP +Blink Str-3 Dex+8
                  | Slay+3}
 47115 | Shoals:4 | Identified the cursed +1 chain mail of Sixosk {rC+ Int-5
                  | Dex+6}
 47799 | Elf:1    | Entered Level 1 of the Elven Halls
 47925 | Elf:1    | Noticed Aizul
 47937 | Elf:1    | Killed Aizul
 49962 | Elf:2    | Found a runed translucent gate.
 49964 | Elf:2    | Found a runed translucent gate.
 49967 | Elf:2    | Found a runed translucent gate.
 50035 | Elf:2    | Found Ydiranip's General Store.
 50132 | Elf:2    | Bought a potion of curing for 39 gold pieces
 50132 | Elf:2    | Bought a potion of mutation for 104 gold pieces
 50640 | Elf:3    | Entered Level 3 of the Elven Halls
 50942 | Elf:3    | Noticed Agnes
 50962 | Elf:3    | Killed Agnes
 50974 | Elf:3    | Reached skill level 15 in Dodging
 51464 | Elf:3    | Identified the +9 glaive of the Jumping Priest {venom,
                  | Dex+3 SInv}
 51464 | Elf:3    | Identified the ring "Ischihont" {+Inv rF+ rN+ Int+5 SInv}
 51467 | Elf:3    | Reached XP level 23. HP: 128/196 MP: 23/23
 51529 | Elf:3    | Identified the +10 halberd of Exchange {drain, +Rage +Fly
                  | rElec rF+}
 51540 | Elf:3    | Identified the +4 spear "Naucolan" {freeze, rPois MR++
                  | Str+4}
 51551 | Elf:3    | Identified the cursed +2 halberd of Sexkynn {flame, Int+8}
 51551 | Elf:3    | Identified the +7 battleaxe "Laning" {venom, rC+ Dex+4}
 51790 | Elf:3    | Identified Sif Muna's Grimoire of the Destructive Volcanoes
 51907 | Elf:3    | Identified the +2 scale mail of Filth {Str+7} (You found it
                  | on level 3 of the Elven Halls)
 52547 | Crypt:1  | Entered Level 1 of the Crypt
 54666 | Crypt:3  | Entered Level 3 of the Crypt
 55513 | Crypt:3  | Noticed a curse toe
 55528 | Crypt:3  | Noticed a curse toe
 55541 | Crypt:3  | HP: 8/198 [wandering mushroom[a curse toe] (7)]
 55543 | Crypt:3  | Killed a curse toe
 55549 | Crypt:3  | HP: 8/198 [??? (3)]
 55553 | Crypt:3  | Killed a curse toe
 55900 | Crypt:3  | Found a staircase to the Tomb.
 55998 | Crypt:3  | Noticed an ancient lich
 55998 | Crypt:3  | Noticed an ancient lich
 56015 | Crypt:3  | Killed an ancient lich
 56015 | Crypt:3  | Reached XP level 24. HP: 121/206 MP: 23/23
 56033 | Crypt:3  | Killed from afar by an ancient lich

Illustrated notes

Levels and vault maps discovered:
D:1:      saegor_arrival_simple_d, layout_basic, minmay_box_of_dots
D:2:      layout_basic, nicolae_ru_sacrificial_ziggurat
D:3:      layout_loops_ring, grunt_temple_overflow_open,
          lemuel_coloured_pillars_altar, kennysheep_big_empty_room
D:4:      layout_basic, kennysheep_generic_room_14
D:5:      layout_loops_ring, fedhas_ov_isle_minmay, minmay_temple_entry_fiery,
          kennysheep_opposing_triangles, uniq_pikel, uniq_grinder
D:6:      layout_rooms, marbit_many_paths
D:7:      layout_loops_ring, uniq_harold
D:8:      layout_rooms, zin_purify, hangedman_misty_isle, uniq_psyche,
          uniq_maggie, uniq_grum
D:9:      layout_basic, orc_0_dummy
D:10:     layout_roguey, chequers_garden
D:11:     layout_loops_ring, dpeg_oklobed_lair
D:12:     layout_loops_cross, nicolae_two_hexagons,
          nicolae_qazlal_style_of_elements
D:13:     layout_basic, kennysheep_generic_room_7, uniq_snorg
D:14:     layout_loops_corners, david_vaults_2, minivault_14
D:15:     gammafunk_depths_entry_grave, layout_long_grid, special_room
          [special_room_orc], serial_glass, glass_columns_b, glass_columns_b,
          glass_columns_c, glass_columns_a, serial_shops,
          nicolae_shop_waterfront, shop, shop_fountains, minivault_26,
          minmay_strange_pillars, minivault_11, uniq_roxanne
Temple:   kb_temple_of_zot
Lair:1:   layout_chaotic_city, minmay_stone_trees_medium, serial_bayou_shore_b,
          grunt_megastairs_3
Lair:2:   wander_river, layout_gridlike, nicolae_spider_entry_tight_spaces
Lair:3:   layout_roguey, grunt_megastairs_5, uniq_urug
Lair:4:   mu_elephants_graveyard, layout_regular_city, elwin_shoals_entry_rooms,
          gauntlet_entry_generic, beast_lair_carwin_7
Lair:5:   layout_regular_city, nicolae_slime_entry_slimehenge,
          grunt_megastairs_2
Lair:6:   grunt_lair_end_beastmaster, layout_layer_cave
Shoals:1: layout_shoals
Shoals:2: layout_shoals
Shoals:3: layout_shoals, serial_shops, nicolae_shop_window_shopping,
          uniq_polyphemus
Shoals:4: shoals_end_grunt_garden, layout_shoals, nicolae_shoals_circle_sea_wall
Spider:1: nicolae_spider_hall_of_the_moth_king, gammafunk_ghost_arena,
          drop_trap, minivault_29
Spider:2: layout_chambers, nicolae_spider_circle_web, uniq_asterion
Spider:3: gammafunk_sealed_arena, gammafunk_ghost_berserking_beasts, drop_trap,
          hangedman_spider_tarantella_strand, uniq_arachne, uniq_kirke
Spider:4: grunt_spider_rune_circles
Orc:1:    layout_caves, uniq_fannar
Orc:2:    grunt_orc_cross, layout_caves, serial_shops, shop
Elf:1:    elf_arrival_001, layout_geoelf_diagonals, minivault_28, uniq_aizul
Elf:2:    layout_geoelf_grid, serial_shops, shop_fountains
Elf:3:    minmay_elf_hall_spiked, layout_geoelf_diagonals,
          roderic_roman_lattice, sword_in_stone
Vaults:1: st_octagons_2, nicolae_vaults_little_squares_4,
          vaults_room_fancy_cross, nicolae_vaults_specimen_jars, v_misc_17,
          nicolae_vaults_little_squares_1, v_alt_pattern_2,
          nicolae_vaults_yaktaur_gun_rack, v_rooms_4,
          nicolae_vaults_mini_display_case, nicolae_vaults_shelves_hall,
          nicolae_vaults_twisting_passages, vaults_room_semicircle,
          ontoclasm_vaults_loading_screen, layout_vaults_maze_bifur
Vaults:2: st_greater_box_3, vaults_room_door_hall, hangedman_vaults_unwind,
          v_misc_13, vaults_dpeg_cross, vaults_standard_mumra_enter_the_diamond,
          vaults_room_corners, hangedman_vaults_restitches,
          vaults_room_semicircle, vaults_mumra_hex, vaults_mumra_chevron,
          layout_vaults_omnicross, serial_shops, shop_statue
Vaults:3: minmay_crypt_entry_necro_gods, vaults_room_fours,
          nicolae_vaults_ring_of_whatevers, vaults_room_door_ring, v_misc_33,
          nicolae_vaults_angled_halls, v_misc_17,
          nicolae_vaults_border_crossing, layout_vaults_omnibox
Vaults:4: dpeg_vaults_monster_box, nicolae_vaults_big_angled_halls,
          vaults_not_door_vault_due, vaults_room_corners,
          vaults_room_fancy_cross, nicolae_vaults_angled_halls,
          nicolae_vaults_network_square, v_rooms_5, v_pattern_3,
          grunt_vaults_funnel, vaults_room_stairs_pillars, v_misc_16,
          layout_vaults_omnigrid, serial_shops, shop, uniq_margery
Crypt:1:  layout_misc_corridors, serial_sigils_hangedman_stare,
          grunt_crypt_arrival_guarded_gate
Crypt:2:  layout_catacombs
Crypt:3:  david_glass_crypt, layout_misc_corridors,
          nicolae_tomb_entry_rubble_hallway

Skill      XL: |  1  2  3  4  5  6  7  8  9 10 11 12 13 14 15 16 17 18 19 20 21 22 23 |
---------------+----------------------------------------------------------------------+-----
Long Blades    | 3 4 5 6 7 8 9 10 11 12 13 14 | 14.0
Dodging        | 3 4 5 6 7 8 9 10 11 12 14 15 16 | 16.1
Fighting       | 3 4 5 6 8 9 10 11 12 13 14 15 16 17 18 19 20 | 20.7
Evocations     | 3 5 6 8 9 11 12 13 14 15 16 17 18 19 20 | 20.3
Armour         | 5 7 9 10 11 12 | 12.9
Shields        | 5 7 8 10 11 12 13 15 | 15.1
Throwing       | |  1.7

Action                   |  1- 3 |  4- 6 |  7- 9 | 10-12 | 13-15 | 16-18 | 19-21 | 22-24 || total
-------------------------+-------+-------+-------+-------+-------+-------+-------+-------++-------
Melee: Long sword        |    86 |   159 |   286 |       |       |       |       |       ||   531
       Scimitar          |       |       |    17 |   496 |  1183 |  1228 |  2124 |   864 ||  5912
       Dagger            |       |       |    10 |       |    57 |    21 |       |       ||    88
       Kick              |       |       |       |    92 |   767 |   746 |  1084 |   686 ||  3375
       Great sword       |       |       |       |       |   201 |       |       |       ||   201
       Demon blade       |       |       |       |       |       |       |       |   706 ||   706
Throw: Dart              |       |     8 |    29 |       |       |       |       |       ||    37
       Throwing net      |       |       |       |       |     4 |       |     1 |     2 ||     7
 Abil: Evoke Invisibilit |       |       |       |       |     1 |     2 |       |       ||     3
Evoke: Wand              |       |     5 |     3 |     7 |    12 |    63 |    31 |    24 ||   145
       Phial of floods   |       |       |       |       |     2 |     1 |     1 |       ||     4
       Tin of tremorston |       |       |       |       |     3 |     8 |    21 |    12 ||    44
       Phantom mirror    |       |       |       |       |       |       |     1 |       ||     1
       Box of beasts     |       |       |       |       |       |       |       |     3 ||     3
       Condenser vane    |       |       |       |       |       |       |       |     3 ||     3
       Lightning rod     |       |       |       |       |       |       |       |     3 ||     3
  Use: Potion            |     1 |       |       |     1 |     1 |     4 |     7 |     7 ||    21
       Scroll            |       |       |       |    19 |    13 |    12 |    10 |    13 ||    67
 Stab: Sleeping          |       |     2 |       |       |       |       |       |       ||     2
       Held in net/web   |       |       |     1 |       |     2 |       |     2 |       ||     5
       Distracted        |       |       |     1 |       |     4 |    16 |    15 |    11 ||    47
       Invisible         |       |       |       |       |    12 |    13 |       |    10 ||    35
       Petrified         |       |       |       |       |     4 |       |       |       ||     4
       Paralysed         |       |       |       |       |       |     3 |       |       ||     3
Armor: Leather armour    |    31 |    44 |       |       |       |       |       |       ||    75
       Scale mail        |       |       |   143 |   188 |   430 |   451 |   555 |   249 ||  2016
       Gold dragon scale |       |       |       |       |       |       |       |   216 ||   216
Dodge: Dodged            |    62 |   119 |   185 |   320 |   875 |   861 |  1151 |   581 ||  4154
Block: Other             |    22 |    42 |    81 |    53 |       |       |       |       ||   198
       Reflection        |       |       |     1 |       |       |       |       |       ||     1
       Buckler           |       |       |       |       |   317 |   617 |   819 |    65 ||  1818
       Kite shield       |       |       |       |       |       |       |       |   765 ||   765
       Rpst.: Long sword |    22 |    39 |    59 |       |       |       |       |       ||   120
       Scimitar          |       |       |     4 |    93 |   160 |   159 |   199 |    72 ||   687
       Great sword       |       |       |       |       |    30 |       |       |       ||    30
       Demon blade       |       |       |       |       |       |       |       |    48 ||    48

Table legend: (Time is in decaauts)
 A = Elapsed time spent in this place.
 B = Non-inter-level travel time spent in this place.
 C = Inter-level travel time spent in this place.
 D = Time resting spent in this place.
 E = Time spent auto-exploring this place.
 F = Levels seen in this place.
 G = Mean time per level.
                   A        B        C        D        E       F      G
               +--------+--------+--------+--------+--------+-----+--------+
         Total |  54947 |  50944 |   4003 |   8947 |  27782 |  45 | 1221.0 |
       Dungeon |  18790 |  17154 |   1636 |   4398 |   9412 |  15 | 1252.7 |
        Temple |     94 |     61 |     33 |      0 |     55 |   1 |   94.0 |
          Lair |   7339 |   6476 |    863 |    591 |   4482 |   6 | 1223.2 |
        Shoals |   4562 |   4382 |    180 |    427 |   2516 |   4 | 1140.5 |
   Spider Nest |   5126 |   4822 |    304 |    804 |   2392 |   4 | 1281.5 |
  Orcish Mines |   3421 |   3090 |    331 |   1024 |   1036 |   2 | 1710.5 |
   Elven Halls |   3624 |   3416 |    208 |    214 |   1997 |   3 | 1208.0 |
        Vaults |   8038 |   7676 |    362 |   1046 |   3839 |   4 | 2009.5 |
         Crypt |   3268 |   3185 |     83 |    351 |   2052 |   3 | 1089.3 |
         Abyss |    286 |    286 |      0 |      0 |      0 |   2 |  143.0 |
      Gauntlet |    393 |    393 |      0 |     92 |      0 |   1 |  393.0 |
               +--------+--------+--------+--------+--------+-----+--------+

Top non-repeatable levels by time:
     D:7: 2893 daAuts
Vaults:4: 2495 daAuts
Vaults:2: 2218 daAuts
   Orc:2: 2052 daAuts
Vaults:1: 2024 daAuts
  Lair:2: 1757 daAuts
    D:11: 1741 daAuts
     D:6: 1519 daAuts
Spider:3: 1484 daAuts
    D:12: 1484 daAuts
     D:5: 1481 daAuts
   Elf:3: 1480 daAuts
  Lair:6: 1409 daAuts
   Orc:1: 1369 daAuts
Shoals:4: 1365 daAuts
